 Dungeon Crawl Stone Soup version 0.30-a0-469-g84de5afbc5 (webtiles) character file.

Game seed: 10171038272232741799

305 Colgate the Conjurer (level 6, -2/32 HPs)
             Began as a Deep Elf Conjurer on Dec 19, 2022.
             Was an Initiate of Gozag.
             Slain by a goblin
             ... wielding a +0 dagger
              (3 damage)
             ... on level 4 of the Dungeon.
             The game lasted 00:12:07 (4104 turns).

Colgate the Conjurer (Deep Elf Conjurer)            Turns: 4104, Time: 00:12:08

Health: -2/32      AC:  4    Str:  4    XL:     6   Next: 15%
Magic:  10/14      EV: 12    Int: 25    God:    Gozag
Gold:   161        SH:  0    Dex: 13    Spells: 6/13 levels left

rFire   . . .      SeeInvis .    p - +0 quarterstaff
rCold   . . .      Faith    .    (shield currently unavailable)
rNeg    . . .      Spirit   .    a - +0 robe
rPois   +          Reflect  .    n - +0 helmet
rElec   .          Harm     .    (no cloak)
rCorr   +          Rampage  .    o - +0 pair of gloves
Will    .....                    (no boots)
Stlth   ++........               (no amulet)
HPRegen 0.25/turn                g - ring of poison resistance
MPRegen 0.14/turn                j - ring of resist corrosion

@: no status effects
A: no striking features
a: Renounce Religion, Potion Petition, Call Merchant, Bribe Branch


You were on level 4 of the Dungeon.
You worshipped Gozag.
Gozag was aware of your devotion.
You visited 2 branches of the dungeon, and saw 5 of its levels.

You collected 216 gold pieces.
You paid 55 gold pieces to Gozag.

Inventory:

Hand Weapons
 p - a +0 quarterstaff (weapon)
Armour
 a - a +0 robe (worn)
 n - a +0 helmet (worn)
 o - a +0 pair of gloves (worn)
Magical Staves
 e - a staff of poison
Jewellery
 g - a ring of poison resistance (left hand)
 j - a ring of resist corrosion (right hand)
Wands
 h - a wand of flame (14)
 t - a wand of roots (4) {@v2}
Scrolls
 f - a scroll of butterflies {unknown}
 i - 5 scrolls of teleportation {unknown}
 l - a scroll of fog {unknown}
 v - a scroll of amnesia {unknown}
 w - a scroll of fear {unknown}
Potions
 b - a potion of magic
 c - a potion of curing {unknown}
 d - a potion of flight {unknown}
 k - a potion of heal wounds {unknown}
 m - 2 potions of might {unknown}
 q - a potion of ambrosia {unknown}
 r - a potion of experience {unknown}
 s - a potion of degeneration {unknown}
 u - a potion of berserk rage {unknown}


   Skills:
 - Level 2.4 Dodging
 - Level 2.4 Stealth
 - Level 4.0 Spellcasting
 - Level 7.0 Conjurations
 + Level 4.0 Hexes


You had 6 spell levels left.
You knew the following spells:

 Your Spells              Type           Power      Damage    Failure   Level
a - Magic Dart            Conj           100%       1d8       1%          1
b - Searing Ray           Conj           80%        2d7       1%          2
c - Fulminant Prism       Conj/Hex       16%        3d10      10%         4

Your spell library contained the following spells:

 Spells                   Type           Power      Damage    Failure   Level
 Dazzling Flash           Conj/Hex       64%        N/A       2%          3
 Tukima's Dance           Hex            25%        N/A       5%          3
 Ensorcelled Hibernation  Hex/Ice        30%        N/A       6%          2
 Portal Projectile        Hex/Tloc       30%        N/A       12%         3
 Summon Guardian Golem    Hex/Summ       15%        N/A       12%         3
 Iskenderun's Mystic Bla  Conj/Tloc      22%        2d6       22%         4
 Spider Form              Tmut/Pois      5%         N/A       26%         3
 Anguish                  Hex/Necr       7%         N/A       36%         4
 Blade Hands              Tmut           2%         N/A       94%         5
 Orb of Destruction       Conj           20%        9d8       99%         7
 Spellforged Servitor     Conj/Summ      11%        N/A       100%        7


Dungeon Overview and Level Annotations

Branches:
Dungeon (4/15)             Temple (1/1) D:4

Altars:
Cheibriados
Dithmenos
Fedhas
Gozag
Kikubaaqudgha
Nemelex Xobeh
Okawaru
Sif Muna
Trog
Uskayaw
Vehumet
Wu Jian

Annotations:
D:2 IXO alttari
D:4 Dowan, Duvessa


Message History

Your fulminant prism crackles loudly.
Duvessa hits your fulminant prism with a +0 short sword!
Your fulminant prism explodes!
The blast of energy engulfs Duvessa!
Dowan casts a spell.
Dowan blinks!
Casting: Fulminant Prism (quite dangerous; 10% risk of failure)
You don't have enough magic to cast this spell.
There is a staircase to the Ecumenical Temple here.
You climb downwards.
Welcome back to the Ecumenical Temple!
There is a staircase back to the Dungeon here.
You start resting.
Magic restored.
You climb upwards.
Welcome back to the Dungeon!
Level annotation: Dowan, Duvessa Duvessa hits you with a +0 short sword.
There is a staircase to the Ecumenical Temple, spattered with blood here.
Casting: Fulminant Prism (quite dangerous; 10% risk of failure)
Aiming: Fulminant Prism (quite dangerous; 10% risk of failure)
You conjure a prism of explosive energy!
A fulminant prism comes into view.
Duvessa closely misses you.
A goblin comes into view. It is wielding a +0 dagger.
Your fulminant prism crackles loudly.
Duvessa attacks as you move away! Duvessa closely misses you.
The goblin drinks a potion.
The goblin flickers and vanishes!
Deactivating autopickup; reactivate with Ctrl-A.
Your fulminant prism explodes!
The blast of energy engulfs Duvessa!!
The blast of energy engulfs you!!
Ouch! That really hurt!
* * * LOW HITPOINT WARNING * * *
You hear a shout!
Something hits you.
* * * LOW HITPOINT WARNING * * *
There is a stone staircase leading up here.
Duvessa hits you with a +0 short sword.
* * * LOW HITPOINT WARNING * * *
Something hits you.
You die...
Your body crumbles into a pile of gold.

$ ## $ ..
#.##########
#$e{@e....#
#.####.....#
# #..>..#
##)...#
####.# #.#
#.# #^# #.#


You could see Duvessa and Dowan.

Vanquished Creatures
  An orc priest (D:3)
  Jessica (D:2)
  Ijyb (D:3)
  Terence (D:3)
  2 orc wizards (D:3)
  Robin (D:2)
  5 adders (D:2)
  2 worms (D:2)
  8 orcs (D:3)
  8 ball pythons
  3 bats
  3 endoplasms
  4 giant cockroaches
  13 goblins
  5 hobgoblins
  3 jackals (D:1)
  6 kobolds
  3 quokkas
  3 frilled lizards
  8 rats
81 creatures vanquished.

Vanquished Creatures (others)
  14 fulminant prisms
14 creatures vanquished.

Grand Total: 95 creatures vanquished

Notes
Turn   | Place    | Note
-------+----------+-------------------------------------------
     0 | D:1      | Colgate the Deep Elf Conjurer began the quest for the Orb.
     0 | D:1      | Reached XP level 1. HP: 10/10 MP: 6/6
   170 | D:1      | Reached XP level 2. HP: 15/15 MP: 4/8
   173 | D:1      | Learned a level 2 spell: Searing Ray
   256 | D:1      | Reached skill level 5 in Conjurations
   950 | D:1      | Reached XP level 3. HP: 19/19 MP: 6/10
  1486 | D:2      | Found a faded altar of an unknown god.
  1514 | D:2      | Reached XP level 4. HP: 22/24 MP: 6/12
  1603 | D:2      | Noticed Jessica
  1605 | D:2      | Killed Jessica
  1606 | D:2      | Reached skill level 6 in Conjurations
  2008 | D:2      | Noticed Robin
  2028 | D:2      | Killed Robin
  2031 | D:2      | Reached XP level 5. HP: 20/28 MP: 4/13
  2628 | D:3      | Reached skill level 7 in Conjurations
  2702 | D:3      | Noticed Ijyb
  2710 | D:3      | Killed Ijyb
  2711 | D:3      | Reached skill level 1 in Hexes
  2716 | D:3      | Learned a level 4 spell: Fulminant Prism
  2984 | D:3      | Found an opulent altar of Gozag.
  2986 | D:3      | Noticed Terence
  3192 | D:3      | Killed Terence
  3268 | D:3      | Reached XP level 6. HP: 32/32 MP: 7/14
  3290 | D:3      | Became a worshipper of Gozag Ym Sagoz the Greedy
  3646 | D:4      | Found a staircase to the Ecumenical Temple.
  3658 | Temple   | Entered the Ecumenical Temple
  3892 | D:4      | Noticed Dowan
  4018 | D:4      | Noticed Duvessa
  4104 | D:4      | HP: 1/32 [Duvessa/+0 short sword (6)]
  4104 | D:4      | Slain by a goblin

Illustrated notes

Levels and vault maps discovered:
D:1:      minmay_arrival_cross, layout_basic
D:2:      layout_basic, nicolae_ecumenical_snake_handling, uniq_robin,
          uniq_jessica
D:3:      layout_rooms, nicolae_gozag_cash_rules_everything_around_me,
          chequers_serial_rivers_large_b, uniq_ijyb, uniq_terence
D:4:      layout_loops_ring, lemuel_crystal_altar,
          minmay_temple_entry_offerings, uniq_duvessa
Temple:   minmay_temple_curvy_loop

Skill      XL: |  1  2  3  4  5  6 |
---------------+-------------------+-----
Conjurations   | 5 6 7 |  7.0
Spellcasting   | 4 |  4.0
Hexes          | 3 4 |  4.0
Dodging        | |  2.4
Stealth        | |  2.4

Action                   |  1- 3 |  4- 6 || total
-------------------------+-------+-------++-------
Melee: Unarmed           |     5 |       ||     5
       Mace              |       |     3 ||     3
       Punch             |       |     1 ||     1
 Cast: Magic Dart        |    34 |    36 ||    70
       Searing Ray       |    18 |    18 ||    36
       Fulminant Prism   |       |    14 ||    14
Armor: Robe              |     1 |     2 ||     3
Dodge: Dodged            |     8 |     7 ||    15

Table legend: (Time is in decaauts)
 A = Elapsed time spent in this place.
 B = Non-inter-level travel time spent in this place.
 C = Inter-level travel time spent in this place.
 D = Time resting spent in this place.
 E = Time spent auto-exploring this place.
 F = Levels seen in this place.
 G = Mean time per level.
                   A        B        C        D        E       F      G
               +--------+--------+--------+--------+--------+-----+--------+
         Total |   4152 |   3924 |    228 |    336 |   3102 |   5 |  830.4 |
       Dungeon |   3855 |   3635 |    220 |    266 |   2898 |   4 |  963.8 |
        Temple |    296 |    288 |      8 |     70 |    204 |   1 |  296.0 |
               +--------+--------+--------+--------+--------+-----+--------+

Top non-repeatable levels by time:
     D:2: 1581 daAuts
     D:1: 1125 daAuts
     D:3: 1061 daAuts
  Temple: 296 daAuts
     D:4: 87 daAuts
